 Dungeon Crawl Stone Soup version 0.27.0-1-g7a089689b8 (webtiles) character file.

Game seed: 9424442165045074217

18 Descartes the Ducker (level 2, -1/12 HPs)
             Began as a Felid Transmuter on Aug 5, 2021.
             Slain by a jackal (3 damage)
             ... on level 2 of the Dungeon on Aug 7, 2021.
             The game lasted 00:02:37 (1311 turns).

Descartes the Ducker (Felid Transmuter)             Turns: 1311, Time: 00:02:38

Health: -1/12      AC:  1    Str:  6    XL:     2   Next: 51%
Magic:  6/6        EV: 18    Int: 14    God:
Gold:   114        SH:  0    Dex: 16    Spells: 4/5 levels left
                                        Lives:  0   Deaths: 0

rFire    . . .     SeeInvis +     - Unarmed
rCold    . . .     Faith    .   (shield unavailable)
rNeg     . . .     Spirit   .   (armour unavailable)
rPois    .         Reflect  .   (helmet unavailable)
rElec    .         Harm     .   (cloak unavailable)
rCorr    .         Rampage  .   (gloves unavailable)
Will     .....                  (boots unavailable)
Stlth    ++........             (no amulet)
HPRegen  0.04/turn              (no ring)
MPRegen  0.10/turn              (no ring)

@: appendages (expiring), quick
A: horns 2, very small, claws 1, fangs 3, see invisible, speed 1, shaggy fur 1,
stealthy paws, no weapons or thrown items, no armour, multi-lived
a: End Transformation


You were on level 2 of the Dungeon.
You had temporarily grown beastly horns.
You visited 1 branch of the dungeon, and saw 2 of its levels.

You collected 114 gold pieces.

Inventory:

Scrolls
 c - a scroll of fear {unknown}
 d - a scroll of teleportation {unknown}
 e - a scroll of amnesia {unknown}
Potions
 a - a potion of mutation {unknown}
 b - a potion of curing {unknown}


   Skills:
 - Level 1.0 Fighting
 + Level 3.5 Dodging
 + Level 2.3 Stealth
 - Level 3.0 Unarmed Combat
 - Level 2.0 Spellcasting
 - Level 2.1 Transmutations


You had 4 spell levels left.
You knew the following spells:

 Your Spells              Type           Power      Damage    Failure   Level
a - Beastly Appendage     Tmut           14%        N/A       10%         1

Your spell library contained the following spells:

 Spells                   Type           Power      Damage    Failure   Level
 Wereblood                Tmut           7%         N/A       14%         2
 Spider Form              Tmut/Pois      2%         N/A       41%         3
 Ice Form                 Ice/Tmut       4%         N/A       83%         4


Dungeon Overview and Level Annotations

Branches:
Dungeon (2/15)

Altars:

Annotations:
D:2 exclusion: black bear


Innate Abilities, Weirdness & Mutations

You have temporarily grown beastly horns.
You have sharp claws.
You have razor-sharp teeth.
You have supernaturally acute eyesight. (SInv)
You cover ground quickly. (Speed+)
You are covered in fur. (AC +1)
Your paws help you pounce on unaware monsters.
You are incapable of wielding weapons or throwing items.
You cannot wear armour.
You gain extra lives every three experience levels.


Message History

You now have 91 gold pieces (gained 16).
There is a stone staircase leading down here.
You now have 107 gold pieces (gained 16).
Found a stone staircase leading up.
You now have 114 gold pieces (gained 7).
A bat comes into view.
Casting: Beastly Appendage (safe; 10% risk of failure)
Confirm with . or Enter, or press ? or * to list all spells.
You grow a pair of large bovine horns.
The bat hits you.
You scratch the bat. You headbutt the bat.
You kill the bat!
No target in view!
No target in view!
Your transformation is almost over.
Your horns disappear.
Found a spear.
e - a scroll labelled KAQEAB HUTO A worm comes into view.
Casting: Beastly Appendage (safe; 10% risk of failure)
Confirm with . or Enter, or press ? or * to list all spells.
You grow a pair of large bovine horns.
Found 12 gold pieces.
Your transformation is almost over.
You pounce on the unaware helpless worm!
You claw the worm!
The worm is severely wounded.
The worm closely misses you.
You scratch the worm but do no damage.
The worm is severely wounded.
The worm bites you!
Ouch! That really hurt!
* * * LOW HITPOINT WARNING * * *
You are too injured to fight recklessly!
You are too injured to fight recklessly!
A jackal comes into view.
You closely miss the jackal.
The jackal barks!
The jackal bites you but does no damage.
You barely miss the jackal. The jackal bites you.
You die...

########## #^.......#
.####....$...#
........w.....#
..####........# #########
#####..### ##.......#
..... ##@## ##..#####.###
....
#####.h###...........# ...
.............######.#.#
##.. #######.###.## ##..)#
... #..##.# ###...## ..#
############....####....##
..#
#.........##....#....##.#
..#
#.........###.#...#####.#
#.## #................##
#.#


You could see a worm and a jackal.

Vanquished Creatures
  3 bats
  An endoplasm (D:1)
  3 hobgoblins (D:1)
  4 jackals (D:1)
  2 ball pythons (D:1)
  A frilled lizard (D:1)
  A kobold (D:1)
  2 rats
17 creatures vanquished.

Notes
Turn   | Place    | Note
-------+----------+-------------------------------------------
     0 | D:1      | Descartes the Felid Transmuter began the quest for the Orb.
     0 | D:1      | Reached XP level 1. HP: 9/9 MP: 4/4
   373 | D:1      | Reached skill level 1 in Stealth
   596 | D:1      | Reached XP level 2. HP: 8/12 MP: 4/6
  1081 | D:2      | Noticed a black bear
  1311 | D:2      | Slain by a jackal

Illustrated notes

Levels and vault maps discovered:
D:1:      heliophobic_arrival_dark_side_of_the_moon, layout_basic
D:2:      layout_rooms, kennysheep_big_empty_room

Skill      XL: |  1  2 |
---------------+-------+-----
Dodging        | 3 |  3.5
Stealth        | 1 2 |  2.3
Fighting       | |  1.0
Unarmed Combat | |  3.0
Spellcasting   | |  2.0
Transmutations | |  2.1

Action                   || total
-------------------------++-------
Melee: Unarmed           ||    53
       Headbutt          ||     7
       Punch             ||     2
       Bite              ||     1
 Cast: Beastly Appendage ||    12
 Stab: Sleeping          ||     1
Armor: Skin              ||     4
Dodge: Dodged            ||    38
